 Dungeon Crawl Stone Soup version 0.19-a0-994-g3c636f0 (webtiles) character file.

311 ololoev the Vandal (level 6, -1/56 HPs)
             Began as a Deep Dwarf Hunter on July 15, 2016.
             Slain by a scorpion (3 damage)
             ... on level 4 of the Dungeon.
             The game lasted 00:05:09 (2473 turns).

ololoev the Vandal (Deep Dwarf Hunter)              Turns: 2473, Time: 00:05:09

Health: -1/56      AC:  7    Str: 17    XL:     6   Next: 18%
Magic:  8/8        EV: 11    Int: 12    God:
Gold:   120        SH:  0    Dex: 13    Spells: 0 memorised, 5 levels left

rFire  . . .     SeeInvis .     a - +1 hunting sling
rCold  + . .     Gourm    .     w - +0 scale mail
rNeg   . . .     Faith    .     (no shield)
rPois  .         Spirit   .     (no helmet)
rElec  .         Dismiss  .     (no cloak)
rCorr  +         Reflect  .     (no gloves)
SustAt .         Harm     .     h - +0 pair of boots
MR     .....                    (no amulet)
Stlth  ..........               c - ring of protection from cold
                                t - ring of resist corrosion

@: lethally poisoned (-1 -> -4), non-regenerating, not resistant to hostile
enchantments, extremely unstealthy
A: damage resistance, recharge devices, sense surroundings 1, slow regeneration
3
a: Device Recharging


Innate Abilities, Weirdness & Mutations

You are resistant to damage.
You can recharge devices by infusing magical energy.
You passively map a small area around you.
You do not regenerate naturally.

Inventory:

Hand Weapons
 a - a +1 hunting sling (weapon)
 b - a +0 whip
Missiles
 j - 113 stones (quivered)
Armour
 h - a +0 pair of boots (worn)
 l - a +0 shield
 w - a +0 scale mail (worn)
Jewellery
 c - a ring of protection from cold (right hand)
 t - a ring of resist corrosion (left hand)
Wands
 e - a wand of heal wounds (4/9)
Scrolls
 d - a scroll of recharging {unknown}
 g - a scroll of amnesia {unknown}
 k - 2 scrolls of teleportation {unknown}
 m - 2 scrolls of remove curse {unknown}
 q - a scroll of magic mapping {unknown}
 v - a scroll of identify {unknown}
Potions
 i - a potion of mutation {unknown}
 o - a potion of lignification {unknown}
 r - a potion of brilliance {unknown}
 s - 2 potions of berserk rage
Comestibles
 f - 2 bread rations
 n - 2 fruits
 p - 3 chunks of flesh
 x - 2 meat rations


   Skills:
 + Level 3.1 Fighting
 * Level 3.1 Maces & Flails
 - Level 4.3 Slings
 + Level 2.6 Armour
 + Level 3.2 Dodging
 - Level 1.2 Stealth
 + Level 3.2 Evocations


You had 5 spell levels left.
You didn't know any spells.


You were on level 4 of the Dungeon.
You were hungry.

You visited 1 branch of the dungeon, and saw 4 of its levels.

You collected 120 gold pieces.

#>.## .# * #
#..(###.###.#* ,
##......(.... #
#.###†##......#* #
#.....÷..[###* # ,
#####.##.## # #(##.#
# #s##.# # #@##.# #
#.##.# ###########
#.##)###.......... *
,
*###........#########
, ,#........#### , ,
#.#####..# # * #..#
** #..# * ** , #..#

Notes
Turn   | Place    | Note
-------+----------+-------------------------------------------
     0 | D:1      | ololoev the Deep Dwarf Hunter began the quest for the Orb.
     0 | D:1      | Reached XP level 1. HP: 19/19 MP: 1/1
    91 | D:1      | Reached skill level 1 in Evocations
   116 | D:1      | Reached XP level 2. HP: 26/26 MP: 2/2
   680 | D:1      | Reached XP level 3. HP: 33/33 MP: 4/4
   861 | D:2      | Reached skill level 1 in Armour
   954 | D:2      | Reached skill level 1 in Maces & Flails
  1115 | D:2      | Reached XP level 4. HP: 27/40 MP: 5/5
  1408 | D:3      | Noticed Ijyb
  1423 | D:3      | Killed Ijyb
  1472 | D:3      | Noticed mistymad's ghost (amateur MfMo)
  1940 | D:3      | Reached XP level 5. HP: 22/46 MP: 6/6
  2161 | D:3      | Killed mistymad's ghost
  2414 | D:4      | Reached XP level 6. HP: 51/56 MP: 8/8
  2473 | D:4      | HP: 2/56 [poisoned by a scorpion]
  2473 | D:4      | Slain by a scorpion

Dungeon Overview and Level Annotations

Branches:
Dungeon (4/15)
 Temple: D:4-7

Altars:


Message History

You are more poisoned.
The scorpion poisons you!
Firing (i - inventory):
j - 124 stones (quivered)
Press: ? - help, Shift-Dir - straight line, f/p - iguana
Aim: an iguana (severely wounded)
You shoot a stone.
The stone hits the scorpion but does no damage.
The scorpion is lightly wounded.
You feel sick. The scorpion misses you.
Firing (i - inventory):
j - 123 stones (quivered)
Press: ? - help, Shift-Dir - straight line, f/p - iguana
Aim: an iguana (severely wounded)
You shoot a stone.
The stone hits the scorpion but does no damage.
The scorpion is lightly wounded.
You feel sick.
The scorpion stings you but does no damage.
Firing (i - inventory):
j - 122 stones (quivered)
Press: ? - help, Shift-Dir - straight line, f/p - iguana
Aim: an iguana (severely wounded)
You shoot a stone. The stone barely misses the scorpion.
The stone hits the iguana.
The iguana is almost dead.
The scorpion stings you.
You are more poisoned.
The scorpion poisons you!
Firing (i - inventory):
j - 121 stones (quivered)
Press: ? - help, Shift-Dir - straight line, f/p - iguana
Aim: an iguana (almost dead)
You shoot a stone.
The stone hits the scorpion but does no damage.
The scorpion is lightly wounded.
You feel sick. The scorpion barely misses you.
Firing (i - inventory):
j - 120 stones (quivered)
Press: ? - help, Shift-Dir - straight line, f/p - iguana
Aim: an iguana (almost dead)
You shoot a stone. The stone barely misses the scorpion.
The stone hits the iguana.
You kill the iguana!
You feel sick. The scorpion completely misses you.
Firing (i - inventory):
j - 119 stones (quivered)
Press: ? - help, Shift-Dir - straight line, f - scorpion
Aim: a scorpion (lightly wounded)
You shoot a stone.
The stone hits the scorpion but does no damage.
The scorpion is lightly wounded.
You feel sick. The scorpion stings you.
You are lethally poisoned!
The scorpion poisons you!
Firing (i - inventory):
j - 118 stones (quivered)
Press: ? - help, Shift-Dir - straight line, f/p - scorpion
Aim: a scorpion (lightly wounded)
You shoot a stone.
The stone hits the scorpion but does no damage.
The scorpion is lightly wounded.
You feel very sick. The scorpion barely misses you.
Firing (i - inventory):
j - 117 stones (quivered)
Press: ? - help, Shift-Dir - straight line, f/p - scorpion
Aim: a scorpion (lightly wounded)
You shoot a stone. The stone closely misses the scorpion.
You feel very sick. The scorpion barely misses you.
Firing (i - inventory):
j - 116 stones (quivered)
Press: ? - help, Shift-Dir - straight line, f/p - scorpion
Aim: a scorpion (lightly wounded)
You shoot a stone. The stone hits the scorpion.
The scorpion is moderately wounded.
You feel sick. The scorpion closely misses you.
Firing (i - inventory):
j - 115 stones (quivered)
Press: ? - help, Shift-Dir - straight line, f/p - scorpion
Aim: a scorpion (moderately wounded)
You shoot a stone. The stone barely misses the scorpion.
You feel sick. The scorpion barely misses you.
Firing (i - inventory):
j - 114 stones (quivered)
Press: ? - help, Shift-Dir - straight line, f/p - scorpion
Aim: a scorpion (moderately wounded)
You shoot a stone. The stone closely misses the scorpion.
You feel sick. The scorpion stings you.
You die...

You could see a scorpion.

Vanquished Creatures
  The ghost of mistymad the Poker, an amateur MfMo (D:3)
  A howler monkey (D:4)
  Ijyb (D:3)
  An iguana (D:4)
  6 adders
  An ooze (D:3)
  2 worms
  3 giant geckos
  3 orcs (D:3)
  3 giant cockroaches
  6 hobgoblins
  17 jackals
  A quokka (D:3)
  2 ball pythons (D:1)
  7 bats
  4 giant newts
  2 goblins (D:1)
  5 kobolds
  5 rats
71 creatures vanquished.

Action                   |  1- 3 |  4- 6 || total
-------------------------+-------+-------++-------
Melee: Whip              |       |    21 ||    21
 Fire: Hunting sling     |   114 |   142 ||   256
Evoke: Wand              |       |     1 ||     1
  Eat: Chunk             |       |     4 ||     4
Armor: Leather armour    |    12 |     7 ||    19
       Scale mail        |       |    23 ||    23
Dodge: Dodged            |    26 |    65 ||    91

Vault maps used:
D:1:      dpeg_chamrin_arrival_tetris, columned_hall_lemuel
D:2:      minmay_misc_feat_more_columns
D:3:      kennysheep_big_flooded_room, kennysheep_generic_room_10, uniq_iyjb
D:4:      first_bread, fountainhead, uniq_sigmund, uniq_duvessa
